 Dungeon Crawl Stone Soup version 0.30-a0-777-ga9a30cbeda (webtiles) character file.

Game seed: 15277600983046739490

50051 Newt the Pandemonic (level 14, -1/110 HPs)
             Began as a Demonspawn Gladiator on Feb 13, 2023.
             Was a High Priest of Makhleb.
             Slain by a death yak (7 damage)
             ... on level 5 of the Lair of Beasts.
             The game lasted 00:26:57 (18388 turns).

Newt the Pandemonic (Demonspawn Gladiator)         Turns: 18388, Time: 00:26:57

Health: -1/110     AC: 14    Str: 20    XL:     14   Next: 18%
Magic:  0/24       EV: 12    Int: 10    God:    Makhleb [*****.]
Gold:   1078       SH: 11    Dex: 16    Spells: 13/13 levels left

rFire   + . .      SeeInvis .    w - +8 flail (freeze)
rCold   + + +      Faith    .    b - +0 buckler
rNeg    . . .      Spirit   +    P - +3 troll leather armour
rPois   +          Reflect  +    c - +0 helmet
rElec   .          Harm     .    (cloak unavailable)
rCorr   .          Rampage  .    h - +0 pair of gloves
Will    ++...                    V - -1 pair of boots "Raec" {Fly rPois}
Stlth   +                        O - amulet of reflection
HPRegen 1.18/turn                T - ring of Moodiness {rF+ rC++ Will+}
MPRegen 0.38/turn                N - ring "Utycs" {rPois rC+ Str+2 Slay+2}

@: flying
A: icy blue scales 2, demonic guardian 1, magic shield, magic regeneration,
corrupting presence 1, weakness stinger 3
a: Renounce Religion, Minor Destruction, Lesser Servant of Makhleb, Major
Destruction, Greater Servant of Makhleb


You were on level 5 of the Lair of Beasts.
You worshipped Makhleb.
Makhleb was extremely pleased with you.
You visited 3 branches of the dungeon, and saw 18 of its levels.
You also visited: Sewer and Volcano.

You collected 2332 gold pieces.
You spent 1254 gold pieces at shops.

Inventory:

Hand Weapons
 a - a +1 rapier
 e - a +2 whip of freezing
 w - a +8 flail of freezing (weapon)
 Y - a +2 dagger of venom
Missiles
 n - 15 poisoned darts (quivered)
 y - a javelin
 z - 5 boomerangs
 I - 10 curare-tipped darts
 X - 5 silver javelins
Armour
 b - a +0 buckler (worn)
 c - a +0 helmet (worn)
 h - a +0 pair of gloves (worn)
 H - +0 acid dragon scales
 P - a +3 troll leather armour (worn)
 V - the -1 pair of boots "Raec" (worn) {Fly rPois}
   (You found it in a volcano)

   rPois:     It protects you from poison.
   Fly:       It grants you flight.
Jewellery
 i - a ring of willpower
 x - a ring of wizardry
 N - the ring "Utycs" (right hand) {rPois rC+ Str+2 Slay+2}
   (You bought it in a shop on level 10 of the Dungeon)

   [ring of protection from cold]

   Str:       It affects your strength (+2).
   Slay:      It affects your accuracy & damage with ranged weapons and melee
   (+2).
   rC:        It protects you from cold.
   rPois:     It protects you from poison.
 O - an amulet of reflection (around neck)
 T - the ring of Moodiness (left hand) {rF+ rC++ Will+}
   (You found it on level 2 of the Lair of Beasts)

   [ring of willpower]

   rF:        It protects you from fire.
   rC:        It greatly protects you from cold.
   Will:      It increases your willpower.
Wands
 t - a wand of polymorph (7)
 B - a wand of flame (51)
 K - a wand of charming (7)
 M - a wand of iceblast (19)
 R - a wand of digging (8)
Scrolls
 f - 12 scrolls of teleportation
 s - 7 scrolls of fog
 v - a scroll of amnesia
 D - a scroll of fear
 Q - a scroll of brand weapon
 S - a scroll of blinking
 Z - 2 scrolls of identify
Potions
 d - 6 potions of curing
 j - 7 potions of might
 k - 6 potions of resistance
 l - a potion of mutation
 m - 2 potions of lignification
 o - 2 potions of brilliance
 q - 2 potions of berserk rage
 A - 2 potions of cancellation
 C - 2 potions of magic
 E - 3 potions of haste
 F - 3 potions of flight
 L - 2 potions of attraction


   Skills:
 - Level 10.0 Fighting
 - Level 4.0 Short Blades
 - Level 14.0 Maces & Flails
 - Level 6.0 Throwing
 - Level 8.0 Armour
 - Level 2.6 Dodging
 - Level 6.0 Shields
 + Level 14.5 Invocations
 - Level 4.0 Evocations


You had 13 spell levels left.
You didn't know any spells.
Your spell library contained the following spells:

 Spells                   Type           Power      Damage    Failure   Level
 Apportation              Tloc           0%         N/A       50%         1
 Necrotise                Necr           0%         1d4       50%         1
 Shock                    Conj/Air       0%         1d3       50%         1
 Blink                    Tloc           0%         N/A       63%         2
 Cigotuvi's Dreadful Rot  Necr/Pois/Air  0%         N/A       63%         2
 Ensorcelled Hibernation  Hex/Ice        0%         N/A       63%         2
 Poisonous Vapours        Pois/Air       0%         N/A       63%         2
 Frozen Ramparts          Ice            0%         1d1       86%         3
 Kindle Blastsparks       Fire/Tloc/Air  0%         2d10      86%         3
 Mephitic Cloud           Conj/Pois/Air  0%         N/A       86%         3
 Swiftness                Air            0%         N/A       86%         3
 Tukima's Dance           Hex            0%         N/A       86%         3
 Vampiric Draining        Necr           0%         2d6       86%         3
 Airstrike                Air            0%         2d(0-16)  99%         4
 Animate Dead             Necr           0%         N/A       99%         4
 Ice Form                 Ice/Tmut       0%         N/A       99%         4
 Passage of Golubria      Tloc           0%         N/A       99%         4
 Summon Ice Beast         Ice/Summ       0%         N/A       99%         4
 Agony                    Necr           0%         N/A       100%        5
 Borgnjor's Vile Clutch   Necr/Erth      0%         N/A       100%        5
 Yara's Violent Unravell  Hex/Tmut       0%         3d3       100%        5
 Death Channel            Necr           0%         N/A       100%        6


Dungeon Overview and Level Annotations

Branches:
Dungeon (12/15)            Temple (1/1) D:7            Lair (5/5) D:10
 Shoals (0/4) Lair:3       Spider (0/4) Lair:2        Slime (0/5) Lair:4
    Orc (0/2) D:11          Sewer (visited)         Volcano (visited)

Altars:
Ashenzari
Cheibriados
Dithmenos
Fedhas
Gozag
Hepliaklqana
Kikubaaqudgha
Makhleb
Nemelex Xobeh
Okawaru
Qazlal
Ru
Sif Muna
Trog
Uskayaw
Vehumet
Wu Jian
Xom
Yredelemnul

Shops:
D:5 =   D:10 *==(?   D:11 (


Innate Abilities, Weirdness & Mutations

You are mostly covered in icy blue scales. (AC +3)
A weak demonic guardian rushes to your aid.
When hurt, damage is shared between your health and your magic reserves.
You regenerate magic rapidly.
Your presence sometimes corrodes those you injure.
You have a sharp stinger which inflicts weakening toxins.


Message History

Makhleb accepts your kill.
You feel better.
You bludgeon the death yak!! You freeze the death yak.
Your corrupting presence corrodes the death yak!
The death yak is moderately wounded.
The death yak gores you.
You bludgeon the death yak!! You freeze the death yak.
The death yak is moderately wounded.
The death yak gores you. You block the death yak's attack.
The death yak gores you but does no damage.
You thump the death yak! You freeze the death yak.
The death yak is moderately wounded.
The death yak gores you but does no damage. x3
You hit the death yak. You freeze the death yak.
The death yak is heavily wounded.
You thump the death yak! You freeze the death yak.
The death yak seems to be corroded for longer.
The death yak is severely wounded.
The death yak gores you! You block the death yak's attack. x2
You hit the death yak. You freeze the death yak. You tail-slap the death yak!
The death yak looks weaker.
The death yak is severely wounded.
The death yak completely misses you. You block the death yak's attack.
The death yak gores you!!
* * * LOW HITPOINT WARNING * * *
You sock the death yak! You freeze the death yak. You tail-slap the death yak.
The death yak is almost dead.
You block the death yak's attack. The death yak gores you!
* * * LOW HITPOINT WARNING * * *
The death yak gores you!!
* * * LOW HITPOINT WARNING * * *
A demonic guardian appears!
Okay, then.
As you read the scroll of fear, it crumbles to dust.
You assume a fearsome visage.
The death yak easily resists.
The death yak resists with almost no effort.
The death yak looks frightened!
The death yak gores you.
* * * LOW HITPOINT WARNING * * *
The death yak gores you!
You die...

......................###........
.................................
...........Y...#P.....#..........
.......#..#.Y..###...............
.........####..# #...#......P.#..
..........##P..# #...#......##...
...............###...........#...
...............#Y................
...............Y@................
.....#†.......5Y#................
#...###..##...####..##......#....
.#####.#.##...# ######..#..#####
## #######.## #..##### ### ####


You could see 3 death yaks and a friendly shadow imp (summoned).

Vanquished Creatures
  3 catoblepae (Lair:5)
  4 two-headed ogres
  2 boulder beetles
  Urug (Lair:4)
  10 death yaks (Lair:5)
  Sonja (Lair:5)
  A skyshark (Lair:5)
  Pikel (D:4)
  A deep elf archer (Volcano)
  5 deep elf pyromancers (Volcano)
  3 manticores
  4 black mambas
  11 cane toads
  Psyche (D:10)
  4 rime drakes
  2 kobold demonologists
  6 unseen horrors
  8 komodo dragons
  5 trolls
  3 polar bears
  A hornet (D:10)
  Grinder (D:6)
  Prince Ribbit (D:6)
  A raiju (shapeshifter) (D:11)
  7 blink frogs (Lair:4)
  A vampire (D:11)
  6 basilisks
  A wraith (D:11)
  45 yaks
  2 wyverns
  3 fire elementals (Volcano)
  A redback (Lair:2)
  4 vampire mosquitoes (D:9)
  Eustachio (D:5)
  Menkaure (D:7)
  3 acid dragons
  2 hell hounds (Volcano)
  Duvessa (D:6)
  18 water moccasins
  4 orc warriors
  An ice beast (D:5)
  2 ogres
  3 centaurs
  12 wolves
  3 kobold brigands
  13 bullfrogs
  3 gnoll sergeants
  Dowan (D:6)
  11 wights
  16 killer bees
  A howler monkey (D:10)
  5 hounds
  5 orc priests
  9 orc wizards
  3 iguanas
  4 hell rats (Lair:4)
  13 gnolls
  10 adders
  A shadow imp (D:6)
  2 white imps
  2 ufetubi
  6 worms
  3 dart slugs
  27 orcs
  6 ball pythons
  4 endoplasms
  4 giant cockroaches
  4 goblins
  5 hobgoblins
  3 jackals (D:1)
  3 quokkas
  9 bats
  2 frilled lizards
  12 kobolds
  4 rats
392 creatures vanquished.

Vanquished Creatures (collateral kills)
  2 death yaks (Lair:5)
  A cane toad (Lair:3)
  A fire elemental (Volcano)
  5 yaks
  A basilisk (Lair:4)
  A water moccasin (Lair:3)
  2 hell hounds (Volcano)
13 creatures vanquished.

Vanquished Creatures (others)
  11 fungi
  24 plants
35 creatures vanquished.

Grand Total: 440 creatures vanquished

Notes
Turn   | Place    | Note
-------+----------+-------------------------------------------
     0 | D:1      | Newt the Demonspawn Gladiator began the quest for the Orb.
     0 | D:1      | Reached XP level 1. HP: 16/16 MP: 1/1
   406 | D:1      | Gained mutation: You regenerate magic rapidly. [demonic
                  | ancestry]
   406 | D:1      | Reached XP level 2. HP: 8/23 MP: 2/2
  1142 | D:2      | Gained mutation: You have a small tail. [demonic ancestry]
  1142 | D:2      | Reached XP level 3. HP: 12/29 MP: 3/3
  1780 | D:2      | Gained mutation: You are partially covered in icy blue
                  | scales. (AC +2) [demonic ancestry]
  1780 | D:2      | Reached XP level 4. HP: 12/38 MP: 4/4
  2532 | D:3      | Found a faded altar of an unknown god.
  2540 | D:3      | Reached skill level 5 in Fighting
  2549 | D:3      | Reached XP level 5. HP: 18/44 MP: 5/5
  2851 | D:3      | Found a bloodstained altar of Trog.
  3173 | D:3      | Found a faded altar of an unknown god.
  3176 | D:3      | Found a snail-covered altar of Cheibriados.
  3606 | D:4      | Identified the +1 scale mail of Sozitag {Rampage +Blink
                  | rElec rF-}
  3793 | D:4      | Noticed an ogre
  3805 | D:4      | Killed an ogre
  3806 | D:4      | Gained mutation: You have a tail ending in a sharp stinger.
                  | [demonic ancestry]
  3806 | D:4      | Reached XP level 6. HP: 7/51 MP: 6/6
  4114 | D:4      | Found a basalt altar of Yredelemnul.
  4115 | D:4      | Found an iron altar of Okawaru.
  4427 | D:4      | Found a hide-covered altar of Uskayaw.
  4430 | D:4      | Found a sacrificial altar of Ru.
  4462 | D:5      | Entered Level 5 of the Dungeon
  4686 | D:5      | Noticed Pikel
  4686 | D:5      | Found Zaesmugimp's Jewellery Shop.
  4717 | D:4      | Killed Pikel
  4718 | D:4      | Reached skill level 5 in Armour
  4718 | D:4      | Gained mutation: You are mostly covered in icy blue scales.
                  | (AC +3) [demonic ancestry]
  4718 | D:4      | Reached XP level 7. HP: 23/56 MP: 7/7
  5008 | D:5      | Found a glowing drain.
  5014 | Sewer    | Entered a sewer
  5150 | D:5      | Reached XP level 8. HP: 52/62 MP: 8/8
  5508 | D:5      | Reached skill level 5 in Maces & Flails
  5664 | D:5      | Noticed Eustachio
  5698 | D:5      | Killed Eustachio
  6345 | D:6      | Noticed Grinder
  6345 | D:6      | Found an ancient bone altar of Kikubaaqudgha.
  6360 | D:6      | Paralysed by Grinder for 4 turns
  6373 | D:6      | Killed Grinder
  6574 | D:6      | Noticed Prince Ribbit
  6582 | D:6      | Killed Prince Ribbit
  6583 | D:6      | Gained mutation: You have a sharp stinger which inflicts
                  | weakening toxins. [demonic ancestry]
  6583 | D:6      | Reached XP level 9. HP: 60/68 MP: 9/9
  6791 | D:6      | Reached skill level 1 in Evocations
  6807 | D:6      | Found a sacrificial altar of Ru.
  6807 | D:6      | Noticed Duvessa
  6807 | D:6      | Noticed Dowan
  6821 | D:6      | Killed Duvessa
  6825 | D:6      | Killed Dowan
  7548 | D:7      | Found a staircase to the Ecumenical Temple.
  7568 | Temple   | Entered the Ecumenical Temple
  7752 | Temple   | Became a worshipper of Makhleb the Destroyer
  7931 | D:7      | Noticed Menkaure
  7932 | D:7      | Killed Menkaure
  8362 | D:8      | Identified a scroll of acquirement
  8362 | D:8      | Acquired 945 gold pieces
  8435 | D:8      | Found an opulent altar of Gozag.
  8513 | D:8      | Noticed a two-headed ogre
  8529 | D:8      | Killed a two-headed ogre
  9085 | D:8      | Gained mutation: A weak demonic guardian rushes to your
                  | aid. [demonic ancestry]
  9085 | D:8      | Reached XP level 10. HP: 80/80 MP: 10/10
 10027 | D:9      | Found a shimmering altar of Xom.
 10058 | D:9      | Noticed an orange demon
 10070 | D:9      | Noticed an orange demon
 10078 | D:9      | Noticed a soul eater
 10078 | D:9      | Reached * piety under Makhleb
 10111 | D:9      | Found a shadowy altar of Dithmenos.
 10335 | D:9      | Reached skill level 5 in Invocations
 10939 | D:10     | Entered Level 10 of the Dungeon
 10940 | D:10     | Noticed a two-headed ogre
 10950 | D:10     | Killed a two-headed ogre
 11153 | D:10     | Found Laumeh's General Store.
 11204 | D:10     | Bought a potion of attraction for 36 gold pieces
 11204 | D:10     | Bought a wand of iceblast (4) for 115 gold pieces
 11314 | D:10     | Found Xasyk Xomp's Jewellery Boutique.
 11319 | D:10     | Bought the ring "Utycs" {rPois rC+ Str+2 Slay+2} for 683
                  | gold pieces
 11366 | D:10     | Gained mutation: When hurt, damage is shared between your
                  | health and your magic reserves. [demonic ancestry]
 11366 | D:10     | Reached XP level 11. HP: 71/86 MP: 16/16
 11430 | D:10     | Found Yrimid's Magic Scroll Boutique.
 11466 | D:10     | Found a staircase to the Lair.
 11473 | D:10     | Noticed Psyche
 11481 | D:10     | Killed Psyche
 11500 | D:10     | Bought an amulet of reflection for 420 gold pieces
 11592 | D:10     | Found Cous's Weapon Shoppe.
 11635 | D:10     | Reached skill level 5 in Throwing
 11636 | D:10     | Reached ** piety under Makhleb
 12717 | D:10     | Found Kemyorel's Jewellery Emporium.
 12815 | D:11     | Noticed a boulder beetle
 12829 | D:11     | Killed a boulder beetle
 12837 | D:11     | Noticed a two-headed ogre
 12848 | D:11     | Killed a two-headed ogre
 12896 | D:11     | Reached skill level 10 in Maces & Flails
 13192 | D:11     | Found Isios's Hydra Hut.
 13196 | D:11     | Noticed a six-headed hydra
 13268 | D:11     | Reached *** piety under Makhleb
 13299 | D:11     | Found a staircase to the Orcish Mines.
 13345 | D:11     | Noticed a two-headed ogre
 13350 | D:11     | Killed a two-headed ogre
 13809 | Lair:1   | Entered Level 1 of the Lair of Beasts
 13834 | Lair:1   | Reached XP level 12. HP: 92/92 MP: 17/17
 14267 | Lair:1   | Reached skill level 1 in Shields
 14843 | Lair:2   | Identified the ring of Moodiness {rF+ rC++ Will+}
 14862 | Lair:2   | Noticed a boulder beetle
 14878 | Lair:2   | Killed a boulder beetle
 15059 | Lair:2   | Found a hole to the Spider Nest.
 15457 | Lair:3   | Reached skill level 5 in Shields
 15522 | Lair:3   | Reached **** piety under Makhleb
 15609 | Lair:3   | Found a staircase to the Shoals.
 15745 | Lair:3   | Found a dark tunnel.
 15752 | Volcano  | Entered a volcano
 15770 | Volcano  | Reached skill level 10 in Invocations
 15871 | Volcano  | Gained mutation: Your presence sometimes corrodes those you
                  | injure. [demonic ancestry]
 15871 | Volcano  | Reached XP level 13. HP: 101/101 MP: 20/20
 15885 | Volcano  | Identified the -1 pair of boots "Raec" {Fly rPois}
 16354 | Lair:4   | Reached skill level 10 in Fighting
 16367 | Lair:4   | Noticed Urug
 16381 | Lair:4   | Killed Urug
 16694 | Lair:4   | Reached ***** piety under Makhleb
 16869 | Lair:4   | Found a staircase to the Slime Pits.
 17194 | Lair:5   | Entered Level 5 of the Lair of Beasts
 17292 | Lair:5   | Noticed Sonja
 17307 | Lair:5   | Killed Sonja
 17986 | Lair:5   | Reached XP level 14. HP: 90/110 MP: 16/23
 18147 | Lair:5   | Got the Elucidation of Liminal Hail
 18388 | Lair:5   | Slain by a death yak

Illustrated notes

Levels and vault maps discovered:
D:1:      dpeg_chamrin_arrival_tetris, layout_basic
D:2:      layout_rooms
D:3:      layout_basic, old_standard_altar, nicolae_overflow_ecumenical_swirl,
          hellmonk_ecumenical_altar_lost_god, mrwooster_statue_mirror
D:4:      layout_basic, nicolae_overflow_hidden_temple,
          chequers_temple_overflow_statue_of_worship, serial_bayou_lagoon_a,
          minmay_door_square
D:5:      layout_cave_pools, gup_sewer_entry_bowl, nicolae_stop_n_shop_2,
          minivault_4, st_stairs_6, chequers_serial_rivers_small_a,
          minmay_misc_feat_hallway, chequers_serial_rivers_small_3,
          minmay_misc_feat_square, uniq_pikel, uniq_eustachio
D:6:      layout_loops_ring, hangedman_feature_mirror, uniq_prince_ribbit1,
          uniq_grinder, uniq_duvessa
D:7:      layout_basic, tso_metal_star, minmay_temple_entry_proselytizer,
          uniq_menkaure
D:8:      layout_loops_ring, lemuel_doored_altar
D:9:      layout_stronghold, amcnicky_altar_gilded, mainiacjoe_overflow_alcove_4
D:10:     layout_basic, dpeg_oklobed_lair, serial_shops, kennysheep_mini_moat,
          nicolae_shop_behind_doors, kennysheep_mini, shop, shop,
          kennysheep_kite_vault, uniq_psyche
D:11:     layout_long_grid, minmay_orc_entry_temple_small,
          doesnt_shop_hydraphobe
D:12:     layout_cross
Temple:   minmay_temple_bridge_abc
Lair:1:   layout_loops_ring, minivault_19
Lair:2:   layout_hall_layers, spider_nest_entry_webs
Lair:3:   layout_cave_shapes, shoals_dummy_entry,
          nicolae_volcano_entry_two_sided, grunt_forest_small_clearings,
          beast_lair_carwin_5, grunt_megastairs_4
Lair:4:   layout_regular_city, slime_entry_1, infiniplex_staircase_pool_2,
          uniq_urug
Lair:5:   evilmike_catoblepas_cave, layout_gridlike, st_stairs_4, uniq_sonja

Skill      XL: |  1  2  3  4  5  6  7  8  9 10 11 12 13 14 |
---------------+-------------------------------------------+-----
Fighting       | 3 4 5 8 9 10 | 10.0
Short Blades   | 3 4 |  4.0
Armour         | 2 5 6 8 |  8.0
Maces & Flails | 2 4 7 8 11 12 14 | 14.0
Evocations     | 4 |  4.0
Invocations    | 7 10 13 14 | 14.5
Throwing       | 4 6 |  6.0
Shields        | 6 |  6.0
Dodging        | |  2.6

Action                     |  1- 3 |  4- 6 |  7- 9 | 10-12 | 13-15 || total
---------------------------+-------+-------+-------+-------+-------++-------
  Melee: Rapier            |   114 |   194 |       |       |       ||   308
         Punch             |     3 |     2 |     8 |     3 |       ||    16
         Tailslap          |     2 |    28 |    56 |    88 |    73 ||   247
         Whip              |       |       |   204 |       |       ||   204
         Flail             |       |       |   119 |   630 |   380 ||  1129
  Throw: Javelin           |     2 |     2 |     3 |     2 |       ||     9
         Throwing net      |     3 |     5 |       |       |       ||     8
         Dart              |     2 |     7 |    16 |     8 |       ||    33
         Boomerang         |       |       |       |       |     3 ||     3
 Invoke: Lesser Servant of |       |       |       |     2 |     4 ||     6
  Evoke: Wand              |       |       |       |     3 |     5 ||     8
    Use: Scroll            |     6 |     5 |     7 |    10 |     6 ||    34
         Potion            |     2 |     1 |     2 |     1 |     2 ||     8
   Stab: Held in net/web   |     3 |     1 |       |       |       ||     4
         Sleeping          |       |     1 |       |     1 |       ||     2
         Distracted        |       |       |       |     1 |     1 ||     2
         Petrified         |       |       |       |       |     5 ||     5
 Armour: Leather armour    |    43 |    47 |       |       |       ||    90
         Scale mail        |       |    16 |   204 |   144 |       ||   364
         Troll leather arm |       |       |       |   125 |   147 ||   272
  Dodge: Dodged            |    78 |   107 |   174 |   327 |   162 ||   848
  Block: Buckler           |       |       |       |   180 |   172 ||   352
         Other             |       |       |       |    25 |       ||    25
         Reflection        |       |       |       |     3 |     1 ||     4

Table legend: (Time is in decaauts)
 A = Elapsed time spent in this place.
 B = Non-inter-level travel time spent in this place.
 C = Inter-level travel time spent in this place.
 D = Time resting spent in this place.
 E = Time spent auto-exploring this place.
 F = Levels seen in this place.
 G = Mean time per level.
                   A        B        C        D        E       F      G
               +--------+--------+--------+--------+--------+-----+--------+
         Total |  18269 |  17695 |    574 |   3222 |  11273 |  20 |  913.5 |
       Dungeon |  13512 |  13071 |    441 |   2933 |   8210 |  12 | 1126.0 |
        Temple |    204 |    172 |     32 |      0 |    167 |   1 |  204.0 |
          Lair |   4215 |   4114 |    101 |    255 |   2792 |   5 |  843.0 |
         Sewer |     88 |     88 |      0 |      0 |     47 |   1 |   88.0 |
       Volcano |    248 |    248 |      0 |     34 |     56 |   1 |  248.0 |
               +--------+--------+--------+--------+--------+-----+--------+

Top non-repeatable levels by time:
     D:9: 1812 daAuts
    D:10: 1652 daAuts
     D:2: 1508 daAuts
     D:4: 1414 daAuts
     D:5: 1162 daAuts
  Lair:5: 1136 daAuts
     D:3: 1096 daAuts
     D:6: 1011 daAuts
     D:8: 1010 daAuts
     D:7: 946 daAuts
     D:1: 928 daAuts
    D:11: 904 daAuts
  Lair:1: 838 daAuts
  Lair:2: 775 daAuts
  Lair:4: 766 daAuts
